 Dungeon Crawl Stone Soup version 0.28.0-43-g3370ac3207 (webtiles) character file.

Game seed: 82769828443527693

2009 MisterFreud the Cutter (level 9, -2/74 HPs)
             Began as a Gnoll Cinder Acolyte on Mar 27, 2022.
             Was a High Priest of Ignis.
             Shot with a sling bullet by Joseph (10 damage)
             ... on level 7 of the Dungeon.
             The game lasted 00:09:19 (8290 turns).

MisterFreud the Cutter (Gnoll Cinder Acolyte)       Turns: 8290, Time: 00:09:20

Health: -2/74      AC:  4    Str: 14    XL:     9   Next: 22%
Magic:  11/16      EV: 12    Int: 17    God:    Ignis [*****.]
Gold:   308        SH:  0    Dex:  8    Spells: 16/18 levels left

rFire   + . .      SeeInvis .   y - +1 dagger (venom)
rCold   . . .      Faith    .   (no shield)
rNeg    . . .      Spirit   .   b - +0 robe
rPois   .          Reflect  .   (no helmet)
rElec   .          Harm     .   (no cloak)
rCorr   .          Rampage  .   F - +1 pair of gloves
Will    .....                   (no boots)
Stlth   ++........              (no amulet)
HPRegen 0.22/turn               (no ring)
MPRegen 0.15/turn               (no ring)

@: lethally poisoned (-2 -> -3)
A: fangs 1, strong nose, distributed training
a: Renounce Religion, Fiery Armour, Foxfire Swarm, Rising Flame


You were on level 7 of the Dungeon.
You worshipped Ignis.
Ignis was extremely pleased with you.
You visited 1 branch of the dungeon, and saw 7 of its levels.

You collected 308 gold pieces.

Inventory:

Hand Weapons
 a - a -1 short sword of flaming
 w - a +1 short sword of protection
 y - a +1 dagger of venom (weapon)
Missiles
 k - 6 boomerangs (quivered)
 p - 9 poisoned darts
 C - 4 curare-tipped darts
Armour
 b - a +0 robe (worn)
 u - a +0 pair of gloves
 F - a +1 pair of gloves (worn)
Jewellery
 t - a ring of ice
 v - a ring of positive energy
Wands
 E - a wand of mindburst (20)
Scrolls
 e - 2 scrolls of teleportation {unknown}
 i - 3 scrolls of noise
 j - a scroll of torment {unknown}
 m - a scroll of fear {unknown}
 n - 3 scrolls of immolation {unknown}
 q - a scroll of enchant weapon {unknown}
 s - 2 scrolls of identify {unknown}
 z - a scroll of silence {unknown}
 D - a scroll of amnesia {unknown}
Potions
 c - 5 potions of curing {unknown}
 d - a potion of haste {unknown}
 f - 2 potions of lignification {unknown}
 g - a potion of attraction {unknown}
 h - 4 potions of heal wounds {unknown}
 l - 2 potions of brilliance {unknown}
 o - a potion of mutation {unknown}
 r - a potion of might {unknown}
 x - 2 potions of degeneration {unknown}
 A - a potion of berserk rage {unknown}
 B - a potion of ambrosia {unknown}


   Skills:
 + Level 7.8 Fighting
 + Level 7.8 Short Blades
 + Level 4.0 Long Blades
 + Level 4.0 Axes
 + Level 4.0 Maces & Flails
 + Level 4.0 Polearms
 + Level 4.0 Staves
 + Level 4.0 Slings
 + Level 4.0 Bows
 + Level 4.0 Crossbows
 + Level 4.0 Throwing
 + Level 4.0 Armour
 + Level 4.0 Dodging
 + Level 4.0 Stealth
 + Level 4.0 Shields
 + Level 4.0 Unarmed Combat
 + Level 5.0 Spellcasting
 + Level 3.3 Conjurations
 + Level 3.3 Hexes
 + Level 3.3 Summonings
 + Level 3.3 Necromancy
 + Level 3.3 Translocations
 + Level 3.3 Transmutations
 + Level 6.4 Fire Magic
 + Level 3.3 Ice Magic
 + Level 3.3 Air Magic
 + Level 3.3 Earth Magic
 + Level 3.3 Poison Magic
 + Level 4.4 Invocations
 + Level 4.0 Evocations


You had 16 spell levels left.
You knew the following spells:

 Your Spells              Type           Power      Damage    Failure   Level
a - Scorch                Fire           52%        2d7       1%          2

Your spell library contained the following spells:

 Spells                   Type           Power      Damage    Failure   Level
 Fulminant Prism          Conj/Hex       7%         3d7       36%         4
 Iskenderun's Mystic Bla  Conj/Tloc      15%        2d5       36%         4
 Lee's Rapid Deconstruct  Erth           7%         3d8*      71%         5
 Chain Lightning          Conj/Air       7%         3d10      100%        9
 Fire Storm               Conj/Fire      10%        8d3       100%        9
 Shatter                  Erth           7%         3d10*     100%        9


Dungeon Overview and Level Annotations

Branches:
Dungeon (7/15)             Temple (0/1) D:4

Altars:
Nemelex Xobeh

Shops:
D:2 [

Annotations:
D:7 Joseph


Innate Abilities, Weirdness & Mutations

You have very sharp teeth.
Your uncanny sense of smell can sniff out nearby items.
Your experience applies equally to all skills.


Message History

A water moccasin comes into view.
A water moccasin is nearby!
A water moccasin is nearby!
Joseph, a Mercenary comes into view.
He is wielding a +0 quarterstaff.
Joseph shouts!
The water moccasin hisses angrily.
You hear an angry hiss.
Joseph unwields a +0 quarterstaff.
Joseph wields a +0 hunting sling.
Joseph shoots a sling bullet.
The sling bullet hits you!
Casting: Scorch (safe; 1% risk of failure)
Confirm with . or Enter, or press ? or * to list all spells.
Flames lash the water moccasin.
The water moccasin is heavily wounded.
The water moccasin's fire resistance burns away.
The water moccasin bites you.
You are poisoned.
The water moccasin poisons you!
Unknown command.
You feel very sick. The water moccasin bites you.
Casting: Scorch (safe; 1% risk of failure)
Confirm with . or Enter, or press ? or * to list all spells.
Flames lash the water moccasin.
The water moccasin is burned terribly!
The water moccasin is almost dead.
You feel sick.
A water moccasin comes into view.
The water moccasin bites you.
Casting: Scorch (safe; 1% risk of failure)
Confirm with . or Enter, or press ? or * to list all spells.
Flames lash the water moccasin.
The water moccasin is burned terribly!
You kill the water moccasin!
You feel sick.
Joseph shoots a sling bullet.
The sling bullet hits you!
Your Spellcasting skill increases to level 5!
You feel sick.
Unknown command.
You feel sick.
Joseph shoots a sling bullet.
The sling bullet hits you!
* * * LOW HITPOINT WARNING * * *
You feel sick.
Joseph shoots a sling bullet.
The sling bullet misses you.
You feel sick.
Joseph shoots a sling bullet.
The sling bullet hits you.
* * * LOW HITPOINT WARNING * * *
You feel sick.
Joseph shoots a sling bullet.
The sling bullet hits you!
You die...

####### #.@.S.#
#.##...# #.# ...#
#.# ...# #.# ...+
#.# ...########
#@# ...##.....#
#.# ...##.###.#
#.# #####.###.#
#.###.......#.###
#.......#.#.#<..#
#.....#.#.#.#.#.#
#.#####.#.#.#...#
#.# #.#.#.#####
#.#####.....#


You could see Joseph.

Vanquished Creatures
  A yak (D:3)
  A wyvern (D:6)
  3 water moccasins
  A sky beast (D:6)
  An ogre (D:5)
  2 necrophages
  A centaur (D:5)
  A phantom (D:4)
  A wyvern zombie (D:6)
  A scorpion (D:4)
  2 water moccasin zombies
  A howler monkey (D:6)
  A centaur zombie (D:5)
  A bullfrog zombie (D:5)
  2 hounds
  2 orc priests (D:3)
  A centaur skeleton (D:6)
  4 orc wizards
  A scorpion zombie (D:5)
  A killer bee zombie (D:4)
  2 hound skeletons (D:5)
  A howler monkey zombie (D:4)
  7 gnolls
  2 adders
  A shadow imp (D:6)
  A white imp (D:6)
  An ufetubus (D:6)
  2 dart slugs
  16 orcs
  7 bats
  10 endoplasms
  A giant cockroach (D:2)
  17 goblins
  13 hobgoblins
  2 jackals (D:2)
  11 kobolds
  3 quokkas
  9 ball pythons
  2 frilled lizards (D:1)
  4 rats
141 creatures vanquished.

Vanquished Creatures (collateral kills)
  A gnoll (D:5)
  2 hobgoblins (D:5)
  2 kobolds (D:5)
5 creatures vanquished.

Vanquished Creatures (others)
  3 plants (D:5)
3 creatures vanquished.

Grand Total: 149 creatures vanquished

Notes
Turn   | Place    | Note
-------+----------+-------------------------------------------
     0 | D:1      | MisterFreud the Gnoll Cinder Acolyte began the quest for
                  | the Orb.
     0 | D:1      | Reached XP level 1. HP: 23/23 MP: 4/4
   143 | D:1      | Reached XP level 2. HP: 14/29 MP: 5/5
   528 | D:1      | Learned a level 2 spell: Scorch
   543 | D:1      | Reached XP level 3. HP: 35/35 MP: 4/7
   938 | D:1      | Reached skill level 1 in Invocations
  1050 | D:1      | Found a faded altar of an unknown god.
  1367 | D:2      | Found Xuruerch's Antique Armour Emporium.
  1722 | D:2      | Reached skill level 1 in Long Blades
  1722 | D:2      | Reached skill level 1 in Axes
  1722 | D:2      | Reached skill level 1 in Maces & Flails
  1722 | D:2      | Reached skill level 1 in Polearms
  1722 | D:2      | Reached skill level 1 in Staves
  1722 | D:2      | Reached skill level 1 in Slings
  1722 | D:2      | Reached skill level 1 in Bows
  1722 | D:2      | Reached skill level 1 in Crossbows
  1722 | D:2      | Reached skill level 1 in Throwing
  1722 | D:2      | Reached skill level 1 in Armour
  1722 | D:2      | Reached skill level 1 in Dodging
  1722 | D:2      | Reached skill level 1 in Stealth
  1722 | D:2      | Reached skill level 1 in Shields
  1722 | D:2      | Reached skill level 1 in Unarmed Combat
  1722 | D:2      | Reached skill level 1 in Evocations
  1827 | D:2      | Reached XP level 4. HP: 41/41 MP: 2/8
  1875 | D:2      | You fall into a shaft and drop 1 floor!
  2086 | D:2      | Reached skill level 1 in Conjurations
  2086 | D:2      | Reached skill level 1 in Hexes
  2086 | D:2      | Reached skill level 1 in Summonings
  2086 | D:2      | Reached skill level 1 in Necromancy
  2086 | D:2      | Reached skill level 1 in Translocations
  2086 | D:2      | Reached skill level 1 in Transmutations
  2086 | D:2      | Reached skill level 1 in Ice Magic
  2086 | D:2      | Reached skill level 1 in Air Magic
  2086 | D:2      | Reached skill level 1 in Earth Magic
  2086 | D:2      | Reached skill level 1 in Poison Magic
  2339 | D:3      | Reached XP level 5. HP: 47/47 MP: 2/9
  3984 | D:4      | Noticed a phantom
  3987 | D:4      | Reached XP level 6. HP: 53/53 MP: 1/11
  4020 | D:4      | Found a staircase to the Ecumenical Temple.
  4532 | D:4      | Noticed a yak
  4592 | D:4      | Noticed a yak
  4592 | D:4      | Noticed a yak
  4617 | D:3      | HP: 2/53 [yak (14)]
  4618 | D:3      | Killed a yak
  4619 | D:3      | Reached XP level 7. HP: 3/60 MP: 1/12
  5110 | D:5      | Entered Level 5 of the Dungeon
  5611 | D:5      | Reached XP level 8. HP: 65/67 MP: 9/14
  6770 | D:5      | Found a sparkling altar of Nemelex Xobeh.
  7809 | D:6      | Reached XP level 9. HP: 62/73 MP: 9/16
  8279 | D:7      | Noticed Joseph
  8286 | D:7      | Reached skill level 5 in Spellcasting
  8290 | D:7      | Shot with a sling bullet by Joseph

Illustrated notes

Levels and vault maps discovered:
D:1:      dpeg_arrival_windows_large_door, layout_basic,
          dreamdust_ecumenical_altar_hidden_monk_grotto
D:2:      layout_basic, serial_shops, nicolae_shop_competitors_out_of_business
D:3:      layout_basic
D:4:      layout_basic, minmay_temple_entry_junction
D:5:      corexii_shantytown, layout_gridville, kennysheep_mini_moat,
          minmay_stone_trees_small, minmay_misc_feat_chi
D:6:      layout_cave_pods
D:7:      layout_basic, uniq_joseph, uniq_maggie, uniq_duvessa

Skill      XL: |  1  2  3  4  5  6  7  8  9 |
---------------+----------------------------+-----
Invocations    | 1 2 3 4 |  4.4
Long Blades    | 1 2 3 4 |  4.0
Axes           | 1 2 3 4 |  4.0
Maces & Flails | 1 2 3 4 |  4.0
Polearms       | 1 2 3 4 |  4.0
Staves         | 1 2 3 4 |  4.0
Slings         | 1 2 3 4 |  4.0
Bows           | 1 2 3 4 |  4.0
Crossbows      | 1 2 3 4 |  4.0
Throwing       | 1 2 3 4 |  4.0
Armour         | 1 2 3 4 |  4.0
Dodging        | 1 2 3 4 |  4.0
Stealth        | 1 2 3 4 |  4.0
Shields        | 1 2 3 4 |  4.0
Unarmed Combat | 1 2 3 4 |  4.0
Evocations     | 1 2 3 4 |  4.0
Spellcasting   | 3 4 5 |  5.0
Conjurations   | 1 2 3 |  3.3
Hexes          | 1 2 3 |  3.3
Summonings     | 1 2 3 |  3.3
Necromancy     | 1 2 3 |  3.3
Translocations | 1 2 3 |  3.3
Transmutations | 1 2 3 |  3.3
Ice Magic      | 1 2 3 |  3.3
Air Magic      | 1 2 3 |  3.3
Earth Magic    | 1 2 3 |  3.3
Poison Magic   | 1 2 3 |  3.3
Fighting       | 7 |  7.8
Short Blades   | 7 |  7.8
Fire Magic     | 6 |  6.4

Action                   |  1- 3 |  4- 6 |  7- 9 || total
-------------------------+-------+-------+-------++-------
Melee: Short sword       |    47 |    23 |    20 ||    90
       Bite              |     4 |     2 |     3 ||     9
       Punch             |       |     1 |     1 ||     2
       Dagger            |       |       |    23 ||    23
Throw: Dart              |       |     3 |       ||     3
 Cast: Scorch            |    23 |    62 |   111 ||   196
  Use: Scroll            |       |       |     2 ||     2
Armor: Robe              |     8 |     8 |     9 ||    25
Dodge: Dodged            |    17 |    27 |    46 ||    90
